 Dungeon Crawl Stone Soup version 0.26.0-15-gc6cd9f700b (webtiles) character file.

Game seed: 5931723122024346041

192 ythm the Chopper (level 5, -1/45 HPs)
             Began as a Minotaur Delver on Jan 17, 2021.
             Slain by an ogre
             ... wielding a +0 giant club
              (17 damage)
             ... on level 2 of the Dungeon.
             The game lasted 00:03:49 (2192 turns).

ythm the Chopper (Minotaur Delver)                  Turns: 2192, Time: 00:03:50

Health: -1/45      AC:  5    Str: 17    XL:     5   Next: 42%
Magic:  4/4        EV: 11    Int:  7    God:
Gold:   99         SH:  0    Dex: 12    Spells: 4/4 levels left

rFire    . . .     SeeInvis .   l - +0 war axe
rCold    . . .     Faith    .   (no shield)
rNeg     . . .     Spirit   .   m - +0 ring mail (curse)
rPois    .         Reflect  .   (helmet restricted)
rElec    .         Harm     .   (no cloak)
rCorr    .         Rampage  .   (no gloves)
Will     .....                  (no boots)
Stlth    ++........             (no amulet)
HPRegen  0.15/turn              (no ring)
MPRegen  0.09/turn              (no ring)

@: no status effects
A: retaliatory headbutt, horns 2
a: no special abilities


You were on level 2 of the Dungeon.
You visited 1 branch of the dungeon, and saw 5 of its levels.

You collected 99 gold pieces.

Inventory:

Hand Weapons
 a - a +0 hand axe
 l - a +0 war axe (weapon)
Armour
 b - a +0 leather armour
 m - a cursed +0 ring mail (worn)
 o - a +0 plate armour
 u - a +0 buckler
Wands
 g - a wand of digging (3)
 i - a wand of iceblast (8)
Scrolls
 c - 2 scrolls of fog
 d - a scroll of magic mapping
 e - a scroll of fear
 h - a scroll of blinking {unknown}
 j - 2 scrolls of noise {unknown}
 k - 2 scrolls of remove curse {unknown}
 q - a scroll of teleportation {unknown}
 r - 2 scrolls of amnesia {unknown}
 t - a scroll of immolation {unknown}
Potions
 f - 2 potions of haste
 n - a potion of curing {unknown}
 p - a potion of mutation {unknown}
 s - a potion of might {unknown}


   Skills:
 - Level 3.6 Fighting
 * Level 6.9 Axes
 - Level 2.1 Dodging
 - Level 4.1 Stealth
 + Level 0.3 Shields


You had 4 spell levels left.
You didn't know any spells.
Your spell library was empty.

Dungeon Overview and Level Annotations

Branches:
Dungeon (5/15)
 Temple: D:4-7

Altars:
Vehumet


Innate Abilities, Weirdness & Mutations

You reflexively headbutt those who attack you in melee.
You have a pair of horns on your head.


Message History

You see here a +0 short sword.
An ogre comes into view. It is wielding a +0 giant club.
You barely miss the ogre. The ogre hits you with a +0 giant club!
You slash the ogre!
The ogre is heavily wounded.
The ogre hits you with a +0 giant club!
You are too injured to fight recklessly!
You are too injured to fight recklessly!
You are too injured to fight recklessly!
You are too injured to fight recklessly!
You hit the ogre.
You headbutt the ogre, but do no damage.
The ogre is severely wounded.
The ogre barely misses you.
You hit the ogre but do no damage.
The ogre is severely wounded.
You barely miss the ogre.
The ogre is severely wounded.
The ogre hits you with a +0 giant club!
You die...

#.....#.##)#########.#.#>........
#.....#.##.#.............##.##.#.
#.....#.##..........(<#####......
#.................##.............
#....##.#....####................
#.#+###†#.#######..#.#####.......
..# #.#..........#.# #.###### #..
#.##.#######.#.# #.# # #.
#.##.....O@....# #.######
#.##.#######.### #....... #.. .#
..# ######## ##. .# ### # # #


You could see an ogre.

Vanquished Creatures
  A bullfrog (D:4)
  A hound (D:4)
  A worker ant (D:4)
  3 gnolls (D:2)
  An adder (D:4)
  3 worms
  2 dart slugs (D:1)
  A leopard gecko (D:2)
  3 giant cockroaches
  4 goblins
  2 hobgoblins (D:1)
  4 kobolds
  A quokka (D:2)
  3 bats
  2 frilled lizards
  2 rats (D:2)
34 creatures vanquished.

Notes
Turn   | Place    | Note
-------+----------+-------------------------------------------
     0 | D:5      | ythm the Minotaur Delver began the quest for the Orb.
     0 | D:5      | Reached XP level 1. HP: 19/19 MP: 0/0
    46 | D:4      | Reached skill level 3 in Axes
    46 | D:4      | Reached XP level 2. HP: 25/26 MP: 1/1
    92 | D:4      | Reached skill level 4 in Axes
    92 | D:4      | Reached XP level 3. HP: 18/31 MP: 2/2
   325 | D:4      | Reached skill level 5 in Axes
   326 | D:4      | Noticed a bullfrog
   357 | D:4      | Killed a bullfrog
   358 | D:4      | Reached skill level 6 in Axes
   358 | D:4      | Reached XP level 4. HP: 15/39 MP: 3/3
   771 | D:4      | Found a radiant altar of Vehumet.
   877 | D:2      | Reached XP level 5. HP: 41/45 MP: 4/4
  2185 | D:2      | Noticed an ogre
  2192 | D:2      | Slain by an ogre

Illustrated notes

Levels and vault maps discovered:
D:1:      ebering_trefoil_3fold, layout_basic
D:2:      layout_basic
D:3:      layout_basic, trog_hazing_becter
D:4:      layout_cave_pools, vehumet_crystals, uniq_menkaure, uniq_blork_the_orc
D:5:      layout_loops_ring, serial_shops, nicolae_shop_statue_plus,
          ashenzari_altar_1

Skill      XL: |  1  2  3 |
---------------+----------+-----
Axes           | 3 4 6 |  6.9
Fighting       | |  3.6
Dodging        | |  2.1
Stealth        | |  4.1
Shields        | |  0.3

Action                   |  1- 3 |  4- 6 || total
-------------------------+-------+-------++-------
Melee: Hand axe          |    15 |     9 ||    24
       Headbutt          |     2 |     9 ||    11
       War axe           |       |    54 ||    54
Evoke: Wand              |     3 |       ||     3
 Stab: Sleeping          |       |     4 ||     4
Armor: Leather armour    |     2 |       ||     2
       Ring mail         |       |    16 ||    16
Dodge: Dodged            |    16 |    40 ||    56
